 Dungeon Crawl Stone Soup version 0.21-a0-297-ga3d34c2 (webtiles) character file.

542 mhoghedin the Skirmisher (level 7, -7/59 HPs)
             Began as a Gnoll Wanderer on Sept 28, 2017.
             Mangled by Duvessa
             ... wielding a +0 short sword
              (9 damage)
             ... on level 4 of the Dungeon.
             The game lasted 00:07:45 (2776 turns).

mhoghedin the Skirmisher (Gnoll Wanderer)           Turns: 2776, Time: 00:07:46

Health: -7/59      AC:  7    Str: 16    XL:     7   Next: 27%
Magic:  14/14      EV: 12    Int: 13    God:
Gold:   239        SH:  0    Dex: 16    Spells: 16/16 levels left

rFire    + . .     SeeInvis .   a - +2 hand crossbow
rCold    . . .     Gourm    .   (no shield)
rNeg     . . .     Faith    .   u - +0 ring mail {rF+}
rPois    .         Spirit   .   l - +0 helmet
rElec    .         Reflect  .   (no cloak)
rCorr    .         Harm     .   (no gloves)
MR       .....                  (no boots)
Stlth    ++........             (no amulet)
HPRegen  0.19/turn              (no ring)
MPRegen  0.14/turn              (no ring)

@: about to teleport
A: distributed training, fangs 1, strong nose
a: no special abilities


You were on level 4 of the Dungeon.
You were hungry.

You visited 1 branch of the dungeon, and saw 4 of its levels.

You collected 239 gold pieces.

Inventory:

Hand Weapons
 a - a +2 hand crossbow (weapon)
 f - a +0 dagger
Missiles
 b - 65 bolts (quivered)
Armour
 e - a +0 robe
 l - a +0 helmet (worn)
   (You found it on level 2 of the Dungeon)
 u - a +0 ring mail of fire resistance (worn)
   (You took it off Ijyb on level 3 of the Dungeon)
Wands
 n - a wand of random effects (13/48)
   (You found it on level 3 of the Dungeon)
 s - a wand of enslavement (0/24)
   (You took it off Ijyb on level 3 of the Dungeon)
Scrolls
 d - 3 scrolls of teleportation
 j - a scroll of fog
 q - 5 scrolls of identify
 t - a scroll of immolation {unknown}
Potions
 h - a potion of curing
 k - a potion of degeneration {unknown}
Books
 c - the Almanac of Feathers

   Spells                             Type                      Level
   a - Shock                          Conjuration/Air              1
   b - Static Discharge               Conjuration/Air              3
Comestibles
 g - 4 bread rations {@e1}
 i - 2 royal jellies
 o - a fruit
 p - 2 meat rations {@e2}


   Skills:
 + Level 6.8 Fighting
 + Level 2.3 Short Blades
 + Level 2.3 Long Blades
 + Level 2.0 Axes
 + Level 1.7 Maces & Flails
 + Level 1.7 Polearms
 + Level 1.7 Staves
 + Level 2.6 Slings
 + Level 2.0 Bows
 + Level 4.7 Crossbows
 + Level 2.0 Throwing
 + Level 3.7 Armour
 + Level 2.6 Dodging
 + Level 4.6 Stealth
   Level 0.0 Stabbing
 + Level 2.6 Shields
   Level 0.0 Traps
 + Level 2.0 Unarmed Combat
 + Level 5.2 Spellcasting
 + Level 3.1 Conjurations
 + Level 3.7 Hexes
 + Level 2.6 Charms
 + Level 1.7 Summonings
 + Level 3.1 Necromancy
 + Level 1.7 Translocations
 + Level 0.8 Transmutations
 + Level 1.3 Fire Magic
 + Level 2.8 Ice Magic
 + Level 1.7 Air Magic
 + Level 2.8 Earth Magic
 + Level 2.0 Poison Magic
 + Level 2.8 Invocations
 + Level 3.1 Evocations


You had 16 spell levels left.
You didn't know any spells.

Dungeon Overview and Level Annotations

Branches:
Dungeon (4/15)
 Temple: D:4-7

Altars:

Annotations:
D:4 Duvessa


Innate Abilities, Weirdness & Mutations

Your experience applies equally to all skills.
You have very sharp teeth.
Your uncanny sense of smell can sniff out nearby items.


Message History

Dowan gestures at you while chanting. You resist with some effort.
You regained 8 hp, and now have 51/59 hp.
Dowan hits you with a dagger.
You take 3 damage, and have 48/59 hp.
Dowan hits you but does no damage.
Dowan points at Duvessa and mumbles some strange words.
Duvessa seems to speed up.
Duvessa closely misses you. Duvessa hits you but does no damage.
Dowan mumbles some strange words.
Dowan blinks!
Duvessa hits you but does no damage.
You see here 14 poisoned needles.
Duvessa hits you with a short sword!
You take 7 damage, and have 42/59 hp.
Dowan hits you with a dagger.
You take 3 damage, and have 39/59 hp.
Dowan says, "Magic and the sword, together, will defeat you."
Duvessa says, "My weaknesses are his strengths!"
Duvessa closely misses you.
Aim: Duvessa, wielding a short sword and wearing a leather armour (lightly wounded, fast)
You shoot a bolt. The bolt hits Duvessa.
Duvessa hits you with a short sword.
Dowan gestures wildly while chanting.
Dowan blinks!
Duvessa hits you with a short sword.
You take 11 damage, and have 28/59 hp.
You are too injured to fight recklessly!
You are too injured to fight recklessly!
Okay, then.
Unknown command.
Okay, then.
Unknown command.
Wield which item (- for none, * to show all)? (? for menu, Esc to quit)
Okay, then.
Unknown command.
You feel much better. Duvessa hits you with a short sword.
Duvessa closely misses you.
You regained 20 hp, and now have 49/59 hp.
Aim: Duvessa, wielding a short sword and wearing a leather armour (moderately wounded, fast, chance to defeat MR: 37%) Duvessa easily resists.
Evoking this partially-identified wand wasted a few charges.
Duvessa hits you with a short sword.
You take 2 damage, and have 47/59 hp.
Aim: Duvessa, wielding a short sword and wearing a leather armour (moderately wounded, fast, chance to defeat MR: 37%) Duvessa easily resists.
Evoking this partially-identified wand wasted a few charges.
Duvessa hits you with a short sword! Duvessa hits you but does no damage.
You take 11 damage, and have 36/59 hp.
Aim: Duvessa, wielding a short sword and wearing a leather armour (moderately wounded, fast, chance to defeat MR: 37%) Duvessa easily resists.
Evoking this partially-identified wand wasted a few charges.
Duvessa hits you with a short sword.
Dowan casts a spell.
Dowan blinks!
You take 3 damage, and have 33/59 hp.
Aim: Duvessa, wielding a short sword and wearing a leather armour (moderately wounded, fast, chance to defeat MR: 37%) Duvessa easily resists.
Evoking this partially-identified wand wasted a few charges.
Your skill with magical items lets you calculate the power of this device...
This wand has 0 charges left.
Duvessa hits you but does no damage. Duvessa closely misses you.
This wand has no charges.
Aim: Duvessa, wielding a short sword and wearing a leather armour (lightly wounded, fast) Duvessa easily resists.
Evoking this partially-identified wand wasted a few charges.
Duvessa hits you with a short sword.
You take 2 damage, and have 32/59 hp.
Aim: Duvessa, wielding a short sword and wearing a leather armour (lightly wounded, fast)
The fireball explodes!
The fireball engulfs Duvessa.
The fireball engulfs Dowan.
The fireball engulfs you! You resist.
Evoking this partially-identified wand wasted a few charges.
Duvessa hits you but does no damage. Duvessa hits you with a short sword.
You take 2 damage, and have 30/59 hp.
Aim: Duvessa, wielding a short sword and wearing a leather armour (moderately wounded, fast) Duvessa flickers and vanishes!
Deactivating autopickup; reactivate with Ctrl-A.
Evoking this partially-identified wand wasted a few charges.
Something hits you but does no damage.
Aim: Dowan, wielding a dagger and wearing a robe (almost dead)
The mass of ice explodes!
The iceblast engulfs something.
The iceblast engulfs Dowan.
You kill Dowan!
Something screams in a voice full of rage, "No, no!"
Your Bows skill increases to level 2!
Your Throwing skill increases to level 2!
The iceblast engulfs you!
* * * LOW HITPOINT WARNING * * *
Evoking this partially-identified wand wasted a few charges.
Something barely misses you. Something hits you!
* * * LOW HITPOINT WARNING * * *
You take 22 damage, and have 8/59 hp.
MASSIVE DAMAGE!!
You feel better. Something hits you.
* * * LOW HITPOINT WARNING * * *
You regained 4 hp, and now have 12/59 hp.
As you read the scroll of teleportation, it crumbles to dust.
You feel strangely unstable. Something hits you!
* * * LOW HITPOINT WARNING * * *
Something hits you!
You die...

#........#####
#.............
#.....(.......
#.......#####. ∆
#.......#
#.......# ∆
####)##.# #{##.# ∆
#@##.# ########>
#....#####.....<..
####........######
#.#####..# #.#
#..# #.# #..# #.#
#..# #.# #..# #.#
##.######


There were no monsters in sight!

Vanquished Creatures
  A sky beast (D:4)
  Blork the orc (D:4)
  Dowan (D:4)
  2 orc wizards (D:4)
  An iguana (D:4)
  Ijyb (D:3)
  Natasha (D:2)
  Terence (D:2)
  A worker ant (D:4)
  4 adders
  2 worms (D:2)
  A dart slug (D:3)
  A leopard gecko (D:4)
  10 orcs
  7 bats
  3 giant cockroaches
  16 goblins
  9 hobgoblins
  11 jackals
  A quokka (D:4)
  6 frilled lizards
  8 kobolds
  5 rats
94 creatures vanquished.

Notes
Turn   | Place    | Note
-------+----------+-------------------------------------------
     0 | D:1      | mhoghedin the Gnoll Wanderer began the quest for the Orb.
     0 | D:1      | mhoghedin set off with: a +2 hand crossbow, 27 bolts, the Almanac of Feathers, a scroll of teleportation, a +0 robe, a +0 dagger, a bread ration {@e1}
     0 | D:1      | Reached XP level 1. HP: 23/23 MP: 6/6
    34 | D:1      | Identified the Almanac of Feathers
   122 | D:1      | Reached skill level 1 in Earth Magic
   122 | D:1      | Reached XP level 2. HP: 29/29 MP: 7/7
   187 | D:1      | Reached skill level 1 in Conjurations
   357 | D:1      | Reached skill level 1 in Evocations
   361 | D:1      | Reached skill level 1 in Shields
   464 | D:2      | Noticed Terence
   471 | D:2      | Killed Terence
   471 | D:2      | Reached skill level 1 in Polearms
   471 | D:2      | Reached skill level 1 in Armour
   471 | D:2      | Reached skill level 5 in Spellcasting
   471 | D:2      | Reached skill level 1 in Charms
   471 | D:2      | Reached XP level 3. HP: 29/35 MP: 7/9
   530 | D:2      | Reached skill level 1 in Short Blades
   530 | D:2      | Reached skill level 1 in Summonings
   830 | D:2      | Reached skill level 2 in Conjurations
   901 | D:2      | Reached XP level 4. HP: 41/41 MP: 11/11
   966 | D:2      | Reached skill level 1 in Ice Magic
   974 | D:2      | Reached skill level 1 in Necromancy
   982 | D:2      | Reached skill level 1 in Dodging
  1193 | D:2      | Reached skill level 2 in Short Blades
  1227 | D:2      | Reached skill level 1 in Translocations
  1415 | D:2      | Noticed Natasha
  1421 | D:2      | Killed Natasha
  1421 | D:2      | Reached skill level 2 in Armour
  1421 | D:2      | Reached skill level 3 in Hexes
  1421 | D:2      | Reached skill level 1 in Poison Magic
  1452 | D:2      | Reached XP level 5. HP: 41/47 MP: 12/12
  1533 | D:3      | Reached skill level 1 in Axes
  1547 | D:3      | Reached skill level 2 in Ice Magic
  1674 | D:3      | Reached skill level 1 in Long Blades
  1720 | D:3      | Reached skill level 1 in Invocations
  1760 | D:3      | Reached skill level 1 in Maces & Flails
  1760 | D:3      | Reached skill level 2 in Evocations
  1891 | D:3      | Reached skill level 1 in Unarmed Combat
  2028 | D:3      | Reached skill level 2 in Earth Magic
  2052 | D:3      | Reached skill level 2 in Necromancy
  2075 | D:3      | Noticed Ijyb
  2081 | D:3      | Killed Ijyb
  2081 | D:3      | Reached skill level 1 in Staves
  2313 | D:4      | Reached skill level 2 in Invocations
  2328 | D:4      | Reached skill level 2 in Shields
  2328 | D:4      | Reached XP level 6. HP: 53/53 MP: 13/13
  2346 | D:4      | Reached skill level 1 in Slings
  2502 | D:4      | Noticed a sky beast
  2507 | D:4      | Killed a sky beast
  2507 | D:4      | Reached skill level 2 in Long Blades
  2507 | D:4      | Reached skill level 2 in Slings
  2507 | D:4      | Reached skill level 1 in Bows
  2507 | D:4      | Reached skill level 1 in Throwing
  2507 | D:4      | Reached skill level 2 in Dodging
  2507 | D:4      | Reached skill level 2 in Charms
  2507 | D:4      | Reached skill level 3 in Necromancy
  2507 | D:4      | Reached skill level 1 in Fire Magic
  2573 | D:4      | Reached skill level 2 in Axes
  2573 | D:4      | Reached skill level 2 in Poison Magic
  2642 | D:4      | Reached skill level 2 in Unarmed Combat
  2739 | D:4      | Noticed Blork the orc
  2743 | D:4      | Noticed Duvessa
  2745 | D:4      | Noticed Dowan
  2748 | D:4      | Killed Blork the orc
  2748 | D:4      | Reached skill level 3 in Armour
  2748 | D:4      | Reached skill level 3 in Conjurations
  2748 | D:4      | Reached skill level 1 in Air Magic
  2748 | D:4      | Reached skill level 3 in Evocations
  2748 | D:4      | Reached XP level 7. HP: 44/59 MP: 14/14
  2774 | D:4      | Killed Dowan
  2774 | D:4      | Reached skill level 2 in Bows
  2774 | D:4      | Reached skill level 2 in Throwing
  2774 | D:4      | HP: 8/59 [something (9)]
  2776 | D:4      | HP: 2/59 [something (10)]
  2776 | D:4      | Mangled by Duvessa

Vault maps used:
D:1:      sevenhm_arrival_forest_fort_small_6
D:2:      first_bread, uniq_natasha, uniq_terence
D:3:      kennysheep_goblin_castle
D:4:      kennysheep_little_box, uniq_blork_the_orc, uniq_duvessa

Skill      XL: |  1  2  3  4  5  6  7 |
---------------+----------------------+-----
Earth Magic    | 1 2 |  2.8
Conjurations   | 1 2 3 |  3.1
Evocations     | 1 2 3 |  3.1
Shields        | 1 2 |  2.6
Polearms       | 1 |  1.7
Armour         | 1 2 3 |  3.7
Spellcasting   | 5 |  5.2
Charms         | 1 2 |  2.6
Short Blades   | 1 2 |  2.3
Summonings     | 1 |  1.7
Ice Magic      | 1 2 |  2.8
Necromancy     | 1 2 3 |  3.1
Dodging        | 1 2 |  2.6
Translocations | 1 |  1.7
Hexes          | 3 |  3.7
Poison Magic   | 1 2 |  2.0
Axes           | 1 2 |  2.0
Long Blades    | 1 2 |  2.3
Invocations    | 2 |  2.8
Maces & Flails | 1 |  1.7
Unarmed Combat | 1 2 |  2.0
Staves         | 1 |  1.7
Slings         | 2 |  2.6
Bows           | 1 2 |  2.0
Throwing       | 1 2 |  2.0
Fire Magic     | 1 |  1.3
Air Magic      | 1 |  1.7
Fighting       | |  6.8
Crossbows      | |  4.7
Stealth        | |  4.6
Transmutations | |  0.8

Action                   |  1- 3 |  4- 6 |  7- 9 || total
-------------------------+-------+-------+-------++-------
 Fire: Hand crossbow     |    44 |   183 |     3 ||   230
Evoke: Wand              |       |       |     8 ||     8
  Use: Scroll            |     5 |       |     1 ||     6
       Potion            |       |       |     3 ||     3
  Eat: Chunk             |       |     5 |       ||     5
Armor: Robe              |     1 |     5 |       ||     6
       Ring mail         |       |     9 |     7 ||    16
Dodge: Dodged            |     1 |    36 |     7 ||    44

Table legend:
 A = Spawn XP
 B = Non-spawn XP
 C = Spawn XP percentage of total XP
 D = Spawn monster count
 E = Non-spawn monster count
 F = Spawn count percentage of total count
 G = Total turns spent on level
                    A         B        C        D         E        F      G
               +---------+---------+-------+---------+---------+-------+---------
         Total |       0 |     775 |   0.0 |       0 |      94 |   0.0 |  2776
               +---------+---------+-------+---------+---------+-------+---------
           D:1 |       0 |      28 |   0.0 |       0 |      16 |   0.0 |   445
           D:2 |       0 |     142 |   0.0 |       0 |      26 |   0.0 |  1062
           D:3 |       0 |     125 |   0.0 |       0 |      35 |   0.0 |   799
           D:4 |       0 |     480 |   0.0 |       0 |      17 |   0.0 |   470
               +---------+---------+-------+---------+---------+-------+---------

Vault maps used:
D:1:      sevenhm_arrival_forest_fort_small_6
D:2:      first_bread, uniq_natasha, uniq_terence
D:3:      kennysheep_goblin_castle
D:4:      kennysheep_little_box, uniq_blork_the_orc, uniq_duvessa

Table legend:
 A = Turns spent in this place as a percentage of turns spent in the entire game.
 B = Non-inter-level travel turns spent in this place as a percentage of non-inter-level travel turns spent in the entire game.
 C = Inter-level travel turns spent in this place as a percentage of turns spent in this place.
 D = Turns resting spent in this place as a percentage of non-inter-level travel turns spent in this place.
 E = Turns spent auto-exploring this place as a percentage of non-inter-level travel turns spent in this place.
 F = Non-inter-level travel turns spent in this place divided by the number of levels of this place that you've seen.
                   A       B       C       D       E      F
               +-------+-------+-------+-------+-------+----------------------
         Total | 100.0 | 100.0 |   3.0 |  13.6 |  70.7 | 673.5
       Dungeon | 100.0 | 100.0 |   3.0 |  13.6 |  70.7 | 673.5
               +-------+-------+-------+-------+-------+----------------------

Table legend:
 A = Kills in this place as a percentage of kills in entire the game.
 B = Kills by you in this place as a percentage of kills by you in the entire game.
 C = Kills by friends in this place as a percentage of kills by friends in the entire game.
 D = Other kills in this place as a percentage of other kills in the entire game.
 E = Experience gained in this place as a percentage of experience gained in the entire game.
 F = Experience gained in this place divided by the number of levels of this place that you have seen.
                   A       B       C       D       E      F
               +-------+-------+-------+-------+-------+----------------------
         Total | 100.0 | 100.0 |   N/A |   N/A | 100.0 | 193.8
       Dungeon | 100.0 | 100.0 |   N/A |   N/A | 100.0 | 193.8
               +-------+-------+-------+-------+-------+----------------------
